Map: Daybreak LE (Void)

Players

IIIIIIIIIIII - Winner!

  • Race: Terran Terran
  • League: Grandmaster
  • Spawn Location: 7:00

ManoManolo

  • Race: Zerg Zerg
  • League: Master
  • Spawn Location: 1:00

VOD

Have the link to the VOD?

Description

Time

  • Played on: Dec. 30, 2016, 11:55 p.m.
  • Length: 13:41
Show
View Real Time Build Order
Export as new Build Order

IIIIIIIIIIII Terran - Winner!

Build Orders: Reaper Expand, MMM Bio 

Get SALT Encoding   

  12  0:00  SCV  
  13  0:13  SCV  
  14  0:18  Supply Depot  
  14  0:25  SCV  
  15  0:39  SCV  
  15  0:40  Barracks  
  16  0:46  Refinery  
  16  0:52  SCV  
  17  1:04  SCV  
  18  1:16  SCV  
  19  1:29  Reaper, Orbital Command  
  20  1:43  Command Center  
  20  1:56  SCV  
  20  1:59  Barracks  
  21  2:02  Barracks Reactor  
  21  2:07  Supply Depot  
  21  2:10  SCV  
  22  2:18  Refinery  
  22  2:22  SCV  
  23  2:33  Factory  
  23  2:34  SCV  
  24  2:45  Marine x2  
  24  2:46  Barracks Tech Lab  
  24  2:47  SCV  
  27  2:57  Orbital Command  
  27  2:59  SCV  
  28  3:07  Marine x3  
  28  3:08  Stimpack  
  28  3:12  SCV  
  32  3:20  Starport  
  32  3:32  SCV  
  32  3:33  Marine x3  
  32  3:34  Factory Reactor  
  35  3:36  SCV  
  36  3:44  Supply Depot  
  36  3:45  SCV  
  37  3:50  Marine x2  
  37  3:51  Marine  
  37  3:55  SCV  
  41  3:57  SCV  
  41  3:58  Supply Depot  
  42  4:07  SCV  
  42  4:08  Marine x3  
  42  4:09  SCV  
  47  4:14  Medivac x2  
  51  4:19  SCV, Supply Depot  
  51  4:21  SCV  
  53  4:26  Marine x3  
  56  4:31  SCV  
  56  4:33  SCV  
  58  4:38  Engineering Bay  
  58  4:42  Engineering Bay, Supply Depot  
  58  4:43  SCV  
  58  4:45  SCV  
  60  4:47  Marine x2  
  60  4:48  Marine  
  60  4:49  Medivac  
  65  4:55  SCV  
  66  5:01  SCV  
  66  5:05  Marine x3  
  70  5:08  Combat Shields  
  68  5:22  SCV  
  68  5:23  Terran Infantry Armor Level 1, Terran Infantry Weapons Level 1  
  68  5:26  Command Center  
  69  5:31  Marine x3, Supply Depot  
  69  5:34  SCV  
  73  5:39  Factory Reactor, Barracks  
  73  5:40  Starport Reactor  
  73  5:42  Barracks  
  73  5:44  SCV  
  73  5:49  Barracks, Refinery  
  74  5:52  Refinery  
  71  6:04  SCV  
  71  6:05  SCV, Marine  
  71  6:06  Marine x2  
  71  6:11  Supply Depot  
  76  6:14  Supply Depot  
  76  6:16  SCV  
  76  6:17  SCV  
  78  6:21  Widow Mine, Medivac x2  
  78  6:22  Widow Mine  
  86  6:29  Supply Depot  
  86  6:32  SCV x2, Barracks Reactor  
  88  6:35  Armory  
  88  6:48  Barracks Reactor, Marine x4  
  88  6:49  Marine  
  88  6:52  SCV  
  88  6:53  SCV, Supply Depot  
  95  7:01  Widow Mine x2  
  95  7:04  SCV  
  95  7:06  SCV, Marine  
  102  7:10  Marine  
  102  7:11  Marine x5  
  102  7:14  Bunker  
  108  7:16  SCV  
  108  7:19  SCV  
  110  7:24  Marine  
  110  7:26  Terran Infantry Weapons Level 2, Terran Infantry Armor Level 2  
  110  7:28  Marine  
  110  7:29  SCV  
  113  7:31  SCV  
  113  7:33  Orbital Command  
  113  7:34  Marine x3  
  117  7:41  SCV  
  117  7:47  Marine x6  
  123  7:52  Marine  
  123  7:53  SCV  
  123  7:54  SCV  
  126  7:59  SCV  
  126  8:01  Barracks  
  126  8:02  Barracks  
  126  8:03  Supply Depot  
  126  8:04  Barracks  
  127  8:06  Supply Depot  
  127  8:14  Marine  
  127  8:15  Marine x3, Marauder  
  133  8:21  Liberator x2  
  133  8:24  Widow Mine  
  133  8:25  Marine x4  
  134  8:37  Widow Mine  
  134  8:39  SCV  
  134  8:40  Supply Depot x2  
  134  8:41  Supply Depot  
  133  8:43  Marine x2  
  133  8:44  Marine x7  
  137  8:50  Marine  
  137  8:53  Widow Mine  
  132  8:59  SCV  
  132  9:00  Marine  
  132  9:01  Marine x6, Supply Depot  
  132  9:02  Marauder, Supply Depot  
  141  9:07  Liberator x2  
  141  9:11  Barracks Tech Lab  
  141  9:14  Marine x3, Refinery  
  144  9:23  Widow Mine x2, Command Center  
  144  9:24  Marauder  
  148  9:28  Barracks Reactor, Supply Depot, Barracks Tech Lab  
  156  9:50  Liberator x2  
  156  9:51  Marine  
  156  9:52  Marine x9, Marauder  
  164  9:56  Widow Mine  
  164  9:57  Widow Mine  
  127  10:09  Marine x5  
  127  10:10  Marine x3, Marauder  
  127  10:12  Terran Infantry Weapons Level 3, Marine, Terran Infantry Armor Level 3  
  127  10:13  Marine  
  143  10:21  SCV  
  144  10:25  Marine  
  144  10:26  Marine  
  144  10:27  Marine x5  
  141  10:33  Liberator  
  141  10:34  Widow Mine x2  
  145  10:37  Missile Turret  
  140  10:50  Medivac  
  140  10:51  Marine x5  
  140  10:52  Marine x2  
  152  11:01  Marine  
  152  11:02  Widow Mine  
  152  11:03  Liberator  
  123  11:14  Marine  
  123  11:15  Marine x2  
  123  11:16  Marine x9  
  120  11:18  Planetary Fortress  
  120  11:20  Marine  
  122  11:29  Widow Mine  
  122  11:32  Marine  
  121  11:33  Marine x4, Medivac  
  121  11:34  Marine x7  
  134  11:43  Marine  
  135  11:47  Widow Mine  
  135  11:49  Marine  
  135  11:51  Marine x6  
  135  11:52  Marauder x2  
  148  11:56  Marine x2, Marauder  
  152  12:02  Widow Mine  
  152  12:03  Marine, Medivac  
  152  12:04  Command Center  
  152  12:07  Marine  
  156  12:09  Marine x6  
  156  12:14  Marauder  
  156  12:15  Marine  
  164  12:16  Marine, Marauder  
  164  12:17  Marine  
  164  12:21  Marine  
  170  12:25  Liberator x2, Marine  
  170  12:27  Marine x6  
  176  12:33  Marine x2  
  176  12:35  Marauder x2  
  176  12:37  Marine  
  182  12:38  Command Center  
  182  12:39  Marine  
  182  12:43  Marine  
  191  12:51  Widow Mine x2  
  191  12:58  Marine x7, Marauder  
  193  12:59  Marine  
  200  13:18  Marine x7, Marauder  
Show
View Real Time Build Order
Export as new Build Order

ManoManolo Zerg 

Build Orders: Hatch First 

Get SALT Encoding   

  12  0:07  Drone  
  12  0:13  Overlord  
  13  0:18  Drone  
  14  0:33  Drone x2  
  16  0:40  Drone  
  17  0:53  Drone  
  18  0:59  Hatchery  
  18  1:03  Drone  
  18  1:08  Extractor  
  17  1:14  Drone  
  17  1:18  Spawning Pool  
  17  1:26  Drone  
  18  1:33  Drone  
  19  1:45  Overlord  
  19  2:06  Queen, Zergling x4  
  19  2:08  Metabolic Boost  
  23  2:11  Queen  
  23  2:12  Drone  
  26  2:18  Drone  
  27  2:24  Overlord  
  27  2:29  Evolution Chamber  
  27  2:38  Drone x2  
  27  2:42  Queen, Spore Crawler  
  30  2:48  Queen  
  33  2:57  Drone x3  
  36  3:02  Drone  
  36  3:03  Drone  
  38  3:09  Overlord  
  38  3:22  Drone x6  
  44  3:35  Queen  
  44  3:40  Drone x5  
  51  3:52  Hatchery  
  50  4:02  Overlord  
  50  4:03  Overlord  
  50  4:04  Overlord  
  50  4:09  Evolution Chamber  
  49  4:12  Evolution Chamber  
  49  4:15  Queen  
  49  4:16  Queen  
  52  4:29  Baneling Nest  
  52  4:30  Extractor, Drone x3  
  53  4:31  Zergling x2  
  53  4:32  Zergling x6  
  53  4:38  Drone x4  
  61  4:58  Zerg Ground Armor Level 1, Zerg Melee Weapons Level 1  
  61  5:00  Queen  
  61  5:01  Zergling x10  
  68  5:07  Queen  
  67  5:21  Zergling x2  
  67  5:22  Zergling x12  
  67  5:25  Lair  
  67  5:27  Baneling x5  
  74  5:38  Drone x6  
  74  5:39  Drone  
  81  5:45  Overlord  
  81  5:49  Overlord  
  81  6:03  Queen  
  76  6:13  Zergling x2  
  76  6:14  Zergling x10  
  82  6:19  Drone x3  
  82  6:20  Drone x4  
  89  6:32  Zergling x2  
  89  6:33  Zergling x2  
  89  6:34  Overlord x4  
  89  6:35  Centrifical Hooks  
  88  7:02  Extractor x2  
  88  7:07  Zerg Melee Weapons Level 2, Zerg Ground Armor Level 2  
  86  7:09  Extractor, Drone x3  
  86  7:10  Extractor, Drone x3  
  86  7:11  Drone x2  
  86  7:12  Drone  
  86  7:13  Drone x2  
  86  7:14  Hatchery, Drone x2  
  86  7:15  Drone  
  97  7:20  Drone x4  
  97  7:21  Drone x2  
  103  7:43  Overseer  
  103  7:44  Pneumatized Carapace, Overseer x2  
  103  7:46  Baneling  
  103  7:47  Baneling x8  
  103  7:49  Overlord x4  
  103  7:50  Zergling x8  
  106  7:53  Hatchery  
  105  8:07  Infestation Pit  
  105  8:09  Drone x4  
  105  8:10  Zergling x4, Drone  
  111  8:18  Zergling x4  
  103  8:36  Zergling x2  
  103  8:37  Zergling x12  
  104  8:55  Hive  
  104  9:00  Extractor, Zergling x2  
  104  9:01  Extractor, Zergling x14  
  110  9:14  Hatchery  
  109  9:18  Drone  
  109  9:19  Drone x3  
  109  9:20  Drone x3  
  109  9:21  Drone  
  117  9:28  Spore Crawler  
  117  9:29  Zergling x8  
  117  9:30  Spore Crawler, Baneling  
  117  9:31  Baneling x6  
  119  9:32  Baneling x6  
  119  9:34  Overlord x2  
  119  9:35  Spire  
  118  9:41  Zergling x4  
  120  9:46  Baneling x7  
  120  9:47  Baneling x2  
  115  9:56  Zergling x2  
  115  9:57  Zergling x10  
  102  10:00  Zergling x10  
  103  10:09  Zergling x6  
  104  10:26  Baneling x3  
  104  10:27  Baneling x13  
  104  10:28  Baneling  
  104  10:29  Zerg Ground Armor Level 3, Zerg Melee Weapons Level 3  
  104  10:30  Adrenal Glands  
  104  10:31  Ultralisk Cavern  
  104  10:32  Zergling x2  
  104  10:33  Zergling x28  
  110  10:45  Overlord x5  
  110  10:46  Overseer  
  108  10:51  Zergling x14  
  113  11:03  Zergling x2  
  113  11:04  Zergling x14  
  96  11:18  Ultralisk x2  
  96  11:20  Zergling x6  
  88  11:34  Zergling x10, Ultralisk  
  99  11:45  Chitinous Plating  
  98  11:49  Zergling x8, Ultralisk  
  108  11:57  Corruptor  
  110  12:02  Corruptor x2  
  114  12:13  Corruptor x3  
  120  12:33  Corruptor x2  
  124  12:37  Hatchery  
  124  12:41  Overseer x2  
  124  12:42  Overseer x2  
  119  12:46  Corruptor  
  121  13:03  Corruptor x2  
  121  13:04  Zergling x2  
  132  13:06  Baneling x3  
  132  13:07  Baneling x2  
Tags
 
Add a new tag
Caveats
  • Supply blocks, unpowered buildings, or Contaminate may cause inaccurate times.
  • Supply counts are checked every 10 seconds.